 Dungeon Crawl Stone Soup version 0.29-a0-830-gcb1280458a (webtiles) character file.

Game seed: 16014812427862796567

1337 ytrimaz the Cleaver (level 8, -3/60 HPs)
             Began as a Demonspawn Berserker on July 11, 2022.
             Was a Believer of Trog.
             Killed by divine providence
             ... invoked by an orc priest
              (14 damage)
             ... on level 6 of the Dungeon.
             The game lasted 00:06:27 (4726 turns).

ytrimaz the Cleaver (Demonspawn Berserker)          Turns: 4726, Time: 00:06:27

Health: -3/60      AC: 15    Str: 19    XL:     8   Next: 35%
Magic:  8/8        EV: 11    Int:  9    God:    Trog [**....]
Gold:   281        SH:  0    Dex: 13    Spells: 7/7 levels left

rFire   . . .      SeeInvis .   f - +1 war axe
rCold   . . .      Faith    .   (no shield)
rNeg    . . .      Spirit   .   j - +3 leather armour
rPois   .          Reflect  .   (helmet restricted)
rElec   .          Harm     .   p - +0 cloak
rCorr   .          Rampage  .   h - +1 pair of gloves
Will    ++...                   (no boots)
Stlth   +.........              (no amulet)
HPRegen 1.20/turn               b - +4 ring of protection
MPRegen 0.11/turn               (no ring)

@: strong-willed, regenerating
A: horns 2, thin metallic scales 1, powered by death 1
a: Renounce Religion, Berserk, Trog's Hand


You were on level 6 of the Dungeon.
You worshipped Trog.
Trog was pleased with you.
You visited 1 branch of the dungeon, and saw 6 of its levels.

You collected 281 gold pieces.

Inventory:

Hand Weapons
 a - a +0 hand axe
 f - a +1 war axe (weapon)
Armour
 d - a +0 kite shield
 h - a +1 pair of gloves (worn)
 j - a +3 leather armour (worn)
 p - a +0 cloak (worn)
 t - a +1 ring mail of fire resistance
Jewellery
 b - a +4 ring of protection (left hand)
 k - a ring of fire
Scrolls
 g - 2 scrolls of immolation
 m - a scroll of fear
 n - a scroll of magic mapping
 o - a scroll of noise
 s - a scroll of blinking
Potions
 c - 2 potions of curing
 e - 3 potions of attraction
 i - 5 potions of degeneration {unknown}
 l - a potion of flight {unknown}
 q - a potion of haste {unknown}
 r - 2 potions of brilliance {unknown}


   Skills:
 + Level 3.7 Fighting
 - Level 9.2 Axes
 + Level 3.2 Armour
 - Level 1.7 Dodging


You had 7 spell levels left.
You didn't know any spells.
Your spell library was empty.

Dungeon Overview and Level Annotations

Branches:
Dungeon (6/15)
 Temple: D:4-7

Altars:
Dithmenos
Qazlal

Shops:
D:2 =   D:3 *

Annotations:
D:4 1 runed translucent door, peter4's ghost, novice FoFi


Innate Abilities, Weirdness & Mutations

You have a pair of horns on your head.
You are partially covered in thin metallic scales. (AC +2)
You regenerate a little health from kills.


Message History

You kill the scorpion!
Trog accepts your kill.
Your Armour skill increases to level 3!
You slash the jelly!
Your hands burn!
You headbutt the jelly.
The jelly is almost dead.
The jelly hits you but does no damage.
You hit the jelly.
You kill the jelly!
Trog accepts your kill.
No target in view!
An ogre comes into view. It is wielding a +0 giant club.
The ogre shouts!
Things that are here:
a scorpion corpse; a hound corpse No target in view!
You start resting.
Found 12 gold pieces.
An ogre comes into view. It is wielding a +0 giant spiked club.
The ogre moves out of view.
The ogre shouts!
You hear a shout!
The ogre closely misses you.
Things that are here:
a scorpion corpse; a hound corpse The ogre barely misses you.
You barely miss the ogre. You headbutt the ogre.
The ogre is lightly wounded.
The orc priest mumbles some strange prayers to Beogh against you.
Beogh smites you! The ogre barely misses you.
You hit the ogre.
The ogre is lightly wounded.
Your skin crawls.
You feel strong-willed.
The ogre hits you with a +0 giant club!!
You slash the ogre! You headbutt the ogre.
The ogre is heavily wounded.
The ogre hits you with a +0 giant club!!
* * * LOW HITPOINT WARNING * * *
The orc priest invokes the aid of Beogh against you.
Beogh smites you!
You die...

.........###..##
................
$.#
.#...###<###..##
..##+. #....#
#......# ##.#..!
.#...###.####.##
#....#
#.............#
.....#
###.#.######..#
##....#.# #.#.#
#..###...#...#
#.#.#
#...@OOo..#
#.#.#
#.####.##.#
..#.# #.. .§§(.
# ....#
#######§.# #####
.... ?.... #####


You could see 2 ogres and an orc priest.

Vanquished Creatures
  Pikel (D:5)
  An ogre (D:5)
  A black bear (D:4)
  A lemure (D:5)
  3 scorpions
  2 vampire bats (D:4)
  3 hounds
  3 jellies
  2 orc priests
  An orc wizard (D:3)
  3 gnolls (D:2)
  5 adders
  A shadow imp (D:4)
  A worm (D:2)
  2 dart slugs
  9 orcs
  6 endoplasms
  3 giant cockroaches
  3 goblins
  7 hobgoblins
  3 jackals (D:4)
  5 quokkas
  2 ball pythons
  12 bats
  A frilled lizard (D:3)
  5 kobolds
  3 rats
89 creatures vanquished.

Vanquished Creatures (others)
  4 plants (D:2)
4 creatures vanquished.

Grand Total: 93 creatures vanquished

Notes
Turn   | Place    | Note
-------+----------+-------------------------------------------
     0 | D:1      | ytrimaz the Demonspawn Berserker began the quest for the
                  | Orb.
     0 | D:1      | Reached XP level 1. HP: 18/18 MP: 1/1
   149 | D:1      | Reached skill level 3 in Axes
   231 | D:1      | Gained mutation: You regenerate a little health from kills.
                  | [demonic ancestry]
   231 | D:1      | Reached XP level 2. HP: 22/24 MP: 2/2
  1016 | D:2      | Gained mutation: You have a pair of small horns on your
                  | head. [demonic ancestry]
  1016 | D:2      | Reached XP level 3. HP: 18/29 MP: 3/3
  1142 | D:2      | Reached ** piety under Trog
  1366 | D:2      | Reached skill level 4 in Axes
  1592 | D:2      | Found Bungyufo's Jewellery Boutique.
  1610 | D:2      | Reached XP level 4. HP: 22/35 MP: 4/4
  2273 | D:3      | Found Huffon's Assorted Antiques.
  2326 | D:3      | Found a stormy altar of Qazlal.
  2377 | D:3      | Reached skill level 5 in Axes
  2392 | D:3      | Reached XP level 5. HP: 26/41 MP: 5/5
  3440 | D:4      | Reached skill level 6 in Axes
  3474 | D:4      | Gained mutation: You are partially covered in thin metallic
                  | scales. (AC +2) [demonic ancestry]
  3474 | D:4      | Reached XP level 6. HP: 42/47 MP: 6/6
  3537 | D:4      | Found a runed translucent door.
  3538 | D:4      | Noticed peter4's ghost (novice FoFi)
  3573 | D:4      | Found a shadowy altar of Dithmenos.
  3814 | D:5      | Entered Level 5 of the Dungeon
  3845 | D:5      | Reached skill level 7 in Axes
  3990 | D:5      | Noticed Pikel
  4001 | D:5      | Killed Pikel
  4002 | D:5      | Reached skill level 8 in Axes
  4002 | D:5      | Gained mutation: You have a pair of horns on your head.
                  | [demonic ancestry]
  4002 | D:5      | Reached XP level 7. HP: 50/52 MP: 7/7
  4176 | D:5      | Reached skill level 9 in Axes
  4176 | D:5      | Reached XP level 8. HP: 55/58 MP: 8/8
  4726 | D:6      | Killed from afar by an orc priest

Illustrated notes

Levels and vault maps discovered:
D:1:      reono_arrival_forest_river, layout_loops_cross, minmay_tiny_reverse_x
D:2:      layout_basic, serial_shops, shop, minmay_door_square,
          nicolae_grassy_gnolls
D:3:      layout_loops_ring, mainiacjoe_overflow_cross_hatched, serial_shops,
          shop, lemuel_flame_loot_1
D:4:      layout_loops_ring, lemuel_crystal_altar, ebering_ghost_inner_flame,
          reono_crystal_passage, roderic_batcave, glass_columns_a
D:5:      layout_rooms, serial_bayou_crossing, uniq_pikel
D:6:      layout_loops_ring, nicolae_hepliaklqana_hippocampus,
          evilmike_ruin_ashenzari, minmay_temple_entry_tees, serial_shops, shop,
          minmay_fractal_squares_diagonal_5

Skill      XL: |  1  2  3  4  5  6  7  8 |
---------------+-------------------------+-----
Axes           | 3 4 5 6 8 9 |  9.2
Armour         | 3 |  3.2
Fighting       | |  3.7
Dodging        | |  1.7

Action                   |  1- 3 |  4- 6 |  7- 9 || total
-------------------------+-------+-------+-------++-------
Melee: Hand axe          |    54 |       |       ||    54
       War axe           |    33 |   139 |    32 ||   204
       Headbutt          |     3 |    12 |     8 ||    23
Invok: Trog's Hand       |     1 |     1 |     1 ||     3
       Berserk           |     1 |     1 |       ||     2
  Use: Scroll            |     7 |     3 |     3 ||    13
 Stab: Sleeping          |     2 |       |       ||     2
Armor: Animal skin       |    14 |       |       ||    14
       Ring mail         |    13 |    98 |     8 ||   119
       Leather armour    |       |       |     8 ||     8
Dodge: Dodged            |    69 |   116 |    20 ||   205

Table legend: (Time is in decaauts)
 A = Elapsed time spent in this place.
 B = Non-inter-level travel time spent in this place.
 C = Inter-level travel time spent in this place.
 D = Time resting spent in this place.
 E = Time spent auto-exploring this place.
 F = Levels seen in this place.
 G = Mean time per level.
                   A        B        C        D        E       F      G
               +--------+--------+--------+--------+--------+-----+--------+
         Total |   4810 |   4655 |    155 |    431 |   3377 |   6 |  801.7 |
       Dungeon |   4810 |   4655 |    155 |    431 |   3377 |   6 |  801.7 |
               +--------+--------+--------+--------+--------+-----+--------+

Top non-repeatable levels by time:
     D:2: 1184 daAuts
     D:4: 1082 daAuts
     D:1: 960 daAuts
     D:3: 809 daAuts
     D:5: 719 daAuts
     D:6: 55 daAuts
